AoeStats
← LM | TornardoBriese

QS Arena

503688968Analyzed
4v4 RM · 1mo ago on Sep 1, 2026· 34m 4s· 8 players
Game mode
Random Map
Map size
Large (8 player)
Population
200
Speed
Normal
Resources
Standard
Victory
Conquest
Starting age
Dark Age
Ending age
Imperial Age
RankedLock teamsTeams togetherTeam positionsShared explorationLock speedFull tech treeHidden civsTurbo modeCheats
Victory
Defeat
🇩🇪 Khmer · Germany
1713
+10
🇯🇵 Aztecs · Japan
1668
+12
🇨🇳 Persians · China
1570
+17
🇨🇭 Jurchens · Switzerland
1433
+22
🇦🇷 Franks · Argentina
1627
-17
🇨🇦 Magyars · Canada
1576
-15
🇦🇷 Goths · Argentina
1566
-15
🇩🇪 Italians · Germany
1562
-14
Bz_青红
6:57 Feudal Age
8:42 Loom
11:20 Castle Age
9:51 Horse Collar
10:42 Double-Bit Axe
22:58 Bow Saw
23:10 Heavy Plow
24:20 Wheelbarrow
27:53 Imperial Age
25:18 Gold Mining
26:22 Hand Cart
27:00 Scale Barding Armor
27:07 Forging
28:03 Bloodlines
28:05 Husbandry
28:28 Chain Barding Armor
28:44 Iron Casting
27:35 Heavy Camel Rider
28:44 Conscription
28:19 Cavalier
30:16 Plate Barding Armor
31:18 Blast Furnace
30:57 Savar
LM \ Molle
8:18 Feudal Age
11:09 Castle Age
9:14 Double-Bit Axe
9:12 Horse Collar
12:20 Wheelbarrow
13:00 Bow Saw
22:12 Imperial Age
19:44 Gold Mining
20:13 Crossbowman
20:47 Fletching
21:07 Loom
21:47 Ballistics
22:17 Guard Tower
22:51 Bodkin Arrow
23:59 Chemistry
23:13 Capped Ram
24:10 Bracer
24:49 Loom
25:20 Hand Cart
24:50 Town Watch
25:23 Arbalester
27:35 Padded Archer Armor
28:49 Siege Ram
30:36 Leather Archer Armor
30:27 Scale Barding Armor
31:36 Fortified Wall
31:37 Masonry
32:15 Ring Archer Armor
33:09 Siege Engineers
33:48 Coinage
うーぺー
6:02 Feudal Age
7:30 Double-Bit Axe
7:43 Fletching
8:28 Loom
8:54 Horse Collar
18:19 Scale Mail Armor
18:29 Forging
25:56 Castle Age
25:25 Gold Mining
25:25 Stone Mining
26:38 Wheelbarrow
27:00 Bow Saw
26:45 Bodkin Arrow
26:31 Eagle Warrior
27:11 Squires
27:13 Guard Tower
29:20 Ballistics
29:36 Hand Cart
30:10 Heavy Plow
35:53 Imperial Age
33:43 Crossbowman
LM | TornardoBriese
8:39 Feudal Age
12:29 Castle Age
10:55 Double-Bit Axe
11:45 Horse Collar
14:05 Bow Saw
18:37 Wheelbarrow
19:02 Heavy Plow
19:43 Gold Mining
21:47 Loom
25:04 Imperial Age
22:21 Treadmill Crane
22:32 Pikeman
23:12 Squires
23:14 Scale Mail Armor
23:49 Masonry
24:26 Forging
25:02 Hand Cart
25:58 Halberdier
26:55 Chain Mail Armor
27:15 Iron Casting
27:11 Siege Engineers
26:35 Heavy Rocket Cart
27:43 Conscription
28:36 Iron Casting
30:53 Blast Furnace
30:59 Chemistry
30:52 Elite Fire Lancer
31:24 Fletching
Flux
7:54 Feudal Age
12:07 Castle Age
10:10 Horse Collar
11:35 Double-Bit Axe
13:03 Bow Saw
14:34 Wheelbarrow
19:53 Hand Cart
19:39 Gold Mining
19:46 Stone Mining
20:27 Town Watch
20:28 Loom
21:47 Heavy Plow
25:22 Imperial Age
23:24 Fletching
23:34 Padded Archer Armor
25:00 Bodkin Arrow
25:21 Leather Archer Armor
26:10 Bracer
26:02 Elite Skirmisher
28:04 Ring Archer Armor
29:04 Ballistics
29:45 Chemistry
Kempinho
7:06 Feudal Age
10:45 Castle Age
9:00 Double-Bit Axe
9:21 Horse Collar
17:54 Loom
18:42 Bow Saw
18:58 Heavy Plow
20:22 Wheelbarrow
20:07 Gold Mining
20:30 Stone Mining
21:38 Hand Cart
26:12 Imperial Age
23:37 Fletching
23:48 Padded Archer Armor
24:56 Stone Shaft Mining
24:17 Bodkin Arrow
24:45 Ballistics
24:40 Town Watch
25:19 Thumb Ring
25:31 Leather Archer Armor
25:42 Town Patrol
25:55 Masonry
28:04 Chemistry
27:12 Bracer
27:43 Ring Archer Armor
27:10 Elite Genoese Crossbowman
29:15 Architecture
31:17 Hoardings
31:03 Conscription
[Gaucho]Batata
7:56 Feudal Age
10:50 Double-Bit Axe
13:07 Castle Age
13:37 Double-Bit Axe
14:58 Bow Saw
18:36 Gold Mining
22:06 Wheelbarrow
23:23 Hand Cart
26:13 Imperial Age
23:35 Loom
24:07 Stone Mining
24:53 Gold Shaft Mining
25:22 Husbandry
26:07 Squires
25:52 Arson
26:39 Scale Mail Armor
26:49 Forging
27:54 Chemistry
28:18 Conscription
28:20 Chain Mail Armor
28:27 Conscription
27:49 Pikeman
29:05 Iron Casting
32:18 Cavalier
32:59 Husbandry
33:06 Scale Barding Armor
34:01 Blast Furnace
[Gaucho]El_Guille
2:12 Loom
7:39 Feudal Age
12:04 Castle Age
10:55 Double-Bit Axe
22:33 Bow Saw
25:13 Horse Collar
29:29 Wheelbarrow
29:13 Fletching
30:30 Heavy Plow
32:56 Hand Cart
35:58 Imperial Age
33:45 Scale Mail Armor
Connection lost

Rejoining the realm…

Still unreachable

The connection could not be restored.

Session expired

The server has moved on; the page needs a fresh start.